 Dungeon Crawl Stone Soup version 0.19.0-9-gfd783f2 (webtiles) character file.

198 LORDOFBUTT the Chopper (level 5, -5/48 HPs)
             Began as a Minotaur Berserker on Nov 7, 2016.
             Was a Believer of Trog.
             Slain by Grinder (8 damage)
             ... on level 3 of the Dungeon.
             The game lasted 00:02:41 (1174 turns).

LORDOFBUTT the Chopper (Minotaur Berserker)         Turns: 1174, Time: 00:02:42

Health: -5/48      AC:  5    Str: 28    XL:     5   Next: 47%
Magic:  4/4        EV: 12    Int:  4    God:    Trog [**....]
Gold:   171        SH:  0    Dex:  9    Spells: 0 memorised, 4 levels left

rFire  . . .     SeeInvis .     a - +0 hand axe
rCold  . . .     Gourm    .     h - +0 ring mail
rNeg   . . .     Faith    .     (no shield)
rPois  .         Spirit   .     (helmet restricted)
rElec  .         Reflect  .     (no cloak)
rCorr  .         Harm     .     (no gloves)
MR     .....                    (no boots)
Stlth  ..........               (no amulet)
                                (no ring)
                                (no ring)

@: mighty, exhausted
A: retaliatory headbutt, horns 2
a: Berserk, Trog's Hand, Burn Spellbooks, Renounce Religion


You were on level 3 of the Dungeon.
You worshipped Trog.
Trog was pleased with you.
You were not hungry.

You visited 1 branch of the dungeon, and saw 3 of its levels.

You collected 171 gold pieces.

Inventory:

Hand Weapons
 a - a +0 hand axe (weapon)
Missiles
 p - 7 needles of paralysis
Armour
 h - a +0 ring mail (worn)
Jewellery
 o - an uncursed ring of ice
Scrolls
 d - a scroll of fear {unknown}
 e - 3 scrolls of identify {unknown}
 f - a scroll of enchant armour {unknown}
 k - a scroll of noise {unknown}
 l - a scroll of teleportation {unknown}
 r - a scroll of blinking {unknown}
 s - a scroll of enchant weapon {unknown}
 t - a scroll of recharging {unknown}
 u - a scroll of random uselessness {unknown}
Potions
 b - a potion of haste {unknown}
 g - 2 potions of might
 i - a potion of invisibility {unknown}
 m - a potion of heal wounds {unknown}
 q - a potion of magic {unknown}
Comestibles
 c - a bread ration
 j - a meat ration
 n - 3 fruits


   Skills:
 + Level 5.0 Fighting
 + Level 5.7 Axes
 + Level 3.2 Armour
 + Level 3.1 Dodging


You had 4 spell levels left.
You didn't know any spells.

Dungeon Overview and Level Annotations

Branches:
Dungeon (3/15)

Altars:
Dithmenos
Zin

Annotations:
D:3 Grinder


Innate Abilities, Weirdness & Mutations

You reflexively headbutt those who attack you in melee.
You have a pair of horns on your head.


Message History

You are too injured to fight recklessly!
Grinder closely misses you. Grinder gestures at you.
You suddenly lose the ability to move!
Grinder hits you!
* * * LOW HITPOINT WARNING * * *
You can move again.
You feel yourself speed up.
Grinder says, "DUCK!"
Grinder gestures at you.
You barely resist.
There is a stone staircase leading up here.
It was a potion of might.
You feel very mighty all of a sudden. Grinder hits you but does no damage.
You completely miss Grinder. Your headbutt misses Grinder.
Grinder is lightly wounded.
Grinder says, "Don't move a muscle."
Grinder hits you!
You die...

#.# .# #.#
###. #.# #..
#.# #.# #.#
###.### #.#
#.....#
#.###.....####
#............#
#####...5@.#.#
#..........#
#.######...#
#.# ...# #.#
...# ... ...#
#.# ..#. #.#
..##. #[#


You could see Grinder.

Vanquished Creatures
  The ghost of mete the Shield-Bearer, an amateur MiFi (D:3)
  4 gnolls (D:2)
  An adder (D:2)
  2 worms (D:2)
  3 dart slugs
  A leopard gecko (D:1)
  3 giant cockroaches
  6 goblins
  6 hobgoblins
  7 kobolds
  A ball python (D:1)
  8 bats
  3 frilled lizards (D:1)
  9 rats
55 creatures vanquished.

Notes
Turn   | Place    | Note
-------+----------+-------------------------------------------
     0 | D:1      | LORDOFBUTT the Minotaur Berserker began the quest for the Orb.
     0 | D:1      | Reached XP level 1. HP: 19/19 MP: 0/0
    33 | D:1      | Reached XP level 2. HP: 14/27 MP: 1/1
   161 | D:1      | Reached ** piety under Trog
   239 | D:1      | Reached XP level 3. HP: 21/33 MP: 2/2
   742 | D:2      | Reached XP level 4. HP: 41/41 MP: 3/3
   745 | D:2      | Reached skill level 5 in Axes
   950 | D:2      | Found a glowing silver altar of Zin.
   960 | D:2      | Found a shadowy altar of Dithmenos.
  1137 | D:3      | Noticed mete's ghost (amateur MiFi)
  1143 | D:3      | Killed mete's ghost
  1143 | D:3      | Reached skill level 5 in Fighting
  1143 | D:3      | Reached XP level 5. HP: 48/48 MP: 4/4
  1160 | D:3      | Noticed Grinder
  1169 | D:3      | Paralysed by Grinder for 2 turns
  1170 | D:3      | HP: 2/48 [Grinder (9)]
  1174 | D:3      | Slain by Grinder

Skill      XL: |  1  2  3  4 |
---------------+-------------+-----
Fighting       | 4 5 |  5.0
Axes           | 4 5 |  5.7
Armour         | 3 |  3.2
Dodging        | 3 |  3.1

Action                   |  1- 3 |  4- 6 || total
-------------------------+-------+-------++-------
Melee: Hand axe          |    70 |    39 ||   109
       Headbutt          |    11 |     9 ||    20
Invok: Berserk           |     1 |     1 ||     2
  Use: Potion            |       |     1 ||     1
  Eat: Bread ration      |       |     1 ||     1
Armor: Animal skin       |     6 |       ||     6
       Ring mail         |     9 |    11 ||    20
Dodge: Dodged            |    56 |    23 ||    79
